 Dungeon Crawl Stone Soup version 0.19.0-20-gbc5f0c6 (webtiles) character file.

32258 ThermosAquaticus the Martial Artist (level 13, -12/88 HPs)
             Began as an Octopode Ice Elementalist on Nov 16, 2016.
             Was the Champion of Cheibriados.
             Mangled by a gargoyle
             ... wielding a +2 flail of protection
              (19 damage)
             ... in a labyrinth on Nov 17, 2016.
             The game lasted 01:04:18 (19320 turns).

ThermosAquaticus the Martial Artist (OpIE)         Turns: 19320, Time: 01:04:19

Health: -12/88     AC:  8    Str: 20    XL:     13   Next: 63%
Magic:  18/19      EV: 29    Int: 38    God:    Cheibriados [******]
Gold:   893        SH:  0    Dex: 34    Spells: 6 memorised, 2 levels left

rFire  + + +     SeeInvis .     v - +9 whip of a bazaar {venom, *Slow Dex+7}
rCold  . . .     Gourm    +     (no shield)
rNeg   . . .     Faith    .     (helmet restricted)
rPois  .         Spirit   .     J - amulet of the gourmand
rElec  .         Reflect  .     h - ring of protection from magic
rCorr  .         Harm     .     t - ring of protection from fire
MR     +....                    O - ring of flight (curse)
Stlth  ++++......               u - ring of protection from fire
                                (no ring)
                                (no ring)
                                (no ring)
                                (no ring)

@: icy armour, very slow
A: almost no armour, stealthy swim, amphibious, 8 rings, constrict 8, camouflage
1, fire resistance 1, mutation resistance 1, weak 1, gelatinous body 1
a: Bend Time, Temporal Distortion, Slouch, Step From Time, Renounce Religion,
Evoke Flight


You were in a labyrinth.
You worshipped Cheibriados.
Cheibriados was exalted by your worship.
You were completely stuffed.

You visited 2 branches of the dungeon, and saw 16 of its levels.
You also visited: Labyrinth.

You collected 953 gold pieces.
You spent 60 gold pieces at shops.

Inventory:

Hand Weapons
 i - a +1 dagger of flaming
 v - the +9 whip of a bazaar (weapon) {venom, *Slow Dex+7}
   (You found it on level 4 of the Dungeon)

   It poisons the flesh of those it strikes.
   It affects your dexterity (+7).
   It may slow you when you take damage.
Missiles
 q - 83 poisoned needles
 z - 4 tomahawks (quivered)
Jewellery
 h - a ring of protection from magic (left tentacle)
 t - a ring of protection from fire (right tentacle)
 u - a ring of protection from fire (on tentacle)
 J - an amulet of the gourmand (around mantle)
 O - a cursed ring of flight (on tentacle)
Wands
 g - a wand of iceblast (4/15)
 P - a wand of teleportation (4/9)
 S - a wand of digging (5/24)
Scrolls
 c - 7 scrolls of remove curse
 k - 2 scrolls of magic mapping
 n - 2 scrolls of enchant armour
 o - a scroll of holy word
 y - a scroll of summoning
 C - 4 scrolls of fog
 G - 3 scrolls of identify
Potions
 e - 4 potions of resistance
 l - 2 potions of invisibility
 m - 6 potions of brilliance
 p - 6 potions of flight
 x - a potion of might
 D - 2 potions of cancellation
 F - 2 potions of lignification
 I - a potion of magic
 N - 3 potions of agility
Books
 a - a Fen Folio

   Spells                             Type                      Level
   a - Corpse Rot                     Necromancy                   2
   b - Stone Arrow                    Conjuration/Earth            3
   c - Leda's Liquefaction            Hexes/Earth                  4
   d - Summon Forest                  Summoning/Translocation      5
   e - Hydra Form                     Transmutation                6
   f - Summon Hydra                   Summoning                    7
 d - a book of Clouds

   Spells                             Type                      Level
   a - Mephitic Cloud                 Conjuration/Poison/Air       3
   b - Conjure Flame                  Conjuration/Fire             3
   c - Poisonous Cloud                Conjuration/Poison/Air       6
   d - Freezing Cloud                 Conjuration/Ice/Air          6
   e - Ring of Flames                 Charms/Fire                  7
Miscellaneous
 s - a sack of spiders
Comestibles
 b - 10 bread rations
 j - 3 beef jerkies
 r - 4 slices of pizza
 B - 5 meat rations
 E - 12 fruits
 K - a royal jelly


   Skills:
 + Level 7.9 Fighting
 - Level 4.0 Maces & Flails
 - Level 11.9 Dodging
 - Level 2.6 Stealth
 * Level 13.5 Unarmed Combat
 - Level 3.5 Spellcasting
 - Level 1.8 Conjurations
 - Level 4.0 Summonings
 - Level 2.8 Translocations
 - Level 5.1 Ice Magic
 - Level 8.2 Invocations


You had 2 spell levels left.
You knew the following spells:

 Your Spells              Type           Power        Failure   Level  Hunger
a - Freeze                Ice            ####         1%          1    None
b - Ozocubu's Armour      Chrm/Ice       ####....     6%          3    #......
c - Throw Icicle          Conj/Ice       ####....     12%         4    ###....
d - Summon Ice Beast      Ice/Summ       #####...     10%         4    ###....
e - Blink                 Tloc           N/A          1%          2    None
f - Lesser Beckoning      Tloc           ####......   4%          3    #......


Dungeon Overview and Level Annotations

Branches:
Dungeon (11/15)            Temple (0/1) D:7            Lair (5/6) D:11
 Shoals (0/4) Lair:4        Snake (0/4) Lair:2        Slime (0/5) Lair:5
    Orc (0/2) D:9

Altars:
Cheibriados
Elyvilon
Gozag
Hepliaklqana
Okawaru
Qazlal
Ru
Sif Muna
Uskayaw
Vehumet
Yredelemnul
Zin
Beogh

Shops:
D:8 !   D:10 (

Annotations:
D:2 Sigmund
D:6 exclusion: 2 doors
Lair:5 Snorg


Innate Abilities, Weirdness & Mutations

You cannot wear most types of armour.
You are very stealthy in the water. (Stealth+)
You are amphibious.
You can wear up to eight rings at the same time.
You can use your tentacles to constrict eight enemies at once.
Your skin changes colour to match your surroundings (Stealth+).
Your rubbery body absorbs attacks. (AC +1, EV +1)
Your flesh is heat resistant. (rF+)
You are somewhat resistant to further mutation.
You are weak. (Str -2)


Message History

* * * LOW HITPOINT WARNING * * *
You feel better.
The gargoyle hurls a stone arrow at you.
The stone arrow misses you.
Okay, then.
Press: ? - help, v - describe, . - travel
Here: a gargoyle, wielding a flail of protection The floor.
A gargoyle is nearby!
Casting: Ozocubu's Armour
Confirm with . or Enter, or press ? or * to list all spells.
You don't know that spell.
Unknown command.
Press: ? - help, v - describe, . - travel
Here: a gargoyle, wielding a flail of protection The floor.
As you read the scroll of fear, it crumbles to dust.
You assume a fearsome visage.
The gargoyle is unaffected.
The gargoyle hits you with a flail of protection!!
You die...

. . . # # #.
.#. #.# .#
##..#
####.### #
..#.# ..
.....#
#/.?#.###.#
#. #.
#.#..#.. #
#.#
#...#9.##.###
### #..)@)..#
#########


You could see a gargoyle.

Vanquished Creatures
  Fannar (Lair:2)
  3 hydras
  3 death yaks
  Urug (Lair:2)
  3 hill giants (D:10)
  9 elephants
  4 black mambas
  A cyclops (D:11)
  2 sirens (Lair:4)
  Joseph (D:7)
  3 spiny frogs
  2 gargoyles (Lab)
  A rime drake (Lair:4)
  4 komodo dragons
  A merfolk (Lair:4)
  A hornet (D:11)
  8 hippogriffs
  4 blink frogs (Lair:1)
  28 yaks
  2 basilisks
  A hill giant zombie (D:9)
  A hungry ghost (D:9)
  A mottled dragon (D:11)
  Edmund (D:5)
  13 water moccasins
  4 porcupines
  Duvessa (D:4)
  2 hell hounds (D:11)
  6 orc warriors
  3 sky beasts
  A hornet zombie (D:10)
  2 black bears
  A necrophage (D:7)
  5 ogres
  3 ice beasts
  7 phantoms
  3 centaurs
  5 crocodiles
  13 bullfrogs
  Blork the orc (D:4)
  3 scorpions
  2 wyvern skeletons
  Dowan (D:4)
  8 killer bees
  2 electric eels (Lair:4)
  A howler monkey (D:7)
  4 crimson imps
  A bullfrog zombie (D:9)
  A centaur zombie (D:5)
  8 hounds
  14 orc wizards
  8 orc priests
  Crazy Yiuf (D:3)
  6 jellies
  Ijyb (D:2)
  4 iguanas
  10 worker ants
  A killer bee zombie (D:8)
  7 ogre zombies (D:9)
  A hound zombie (D:7)
  A hound skeleton (D:8)
  2 worker ant zombies
  Robin (D:4)
  3 gnolls (D:5)
  13 adders
  A shadow imp (D:6)
  An ooze (D:2)
  2 adder skeletons
  6 worms
  3 dart slugs
  A leopard gecko (D:6)
  52 orcs
  7 bats
  6 giant cockroaches
  20 goblins
  9 hobgoblins
  10 jackals
  6 kobolds
  10 quokkas
  7 ball pythons
  7 frilled lizards
  4 goblin skeletons (D:9)
  A goblin zombie (D:9)
  2 hobgoblin skeletons (D:9)
  2 hobgoblin zombies (D:9)
  5 orc skeletons (D:9)
  11 orc zombies (D:9)
  6 rats
  A fungus (D:3)
440 creatures vanquished.

Vanquished Creatures (collateral kills)
  2 hydras
  A komodo dragon (D:11)
  7 yaks (Lair:1)
  A water moccasin (Lair:5)
  A porcupine (Lair:5)
12 creatures vanquished.

Vanquished Creatures (others)
  6 fungi
6 creatures vanquished.

Grand Total: 458 creatures vanquished

Notes
Turn   | Place    | Note
-------+----------+-------------------------------------------
     0 | D:1      | ThermosAquaticus the Octopode Ice Elementalist began the quest for the Orb.
     0 | D:1      | Reached XP level 1. HP: 11/11 MP: 3/3
   545 | D:1      | Reached XP level 2. HP: 17/17 MP: 3/5
  1376 | D:1      | Reached XP level 3. HP: 19/21 MP: 0/6
  1679 | D:2      | Found a sacrificial altar of Ru.
  1690 | D:2      | Reached XP level 4. HP: 20/27 MP: 2/8
  2314 | D:2      | Noticed Ijyb
  2326 | D:2      | Killed Ijyb
  2326 | D:2      | Reached XP level 5. HP: 25/31 MP: 3/10
  2533 | D:2      | Noticed Sigmund
  2648 | D:3      | Found a snail-covered altar of Cheibriados.
  2737 | D:3      | Became a worshipper of Cheibriados the Contemplative
  2909 | D:3      | Found a deep blue altar of Sif Muna.
  2991 | D:3      | Learned a level 3 spell: Ozocubu's Armour
  2996 | D:3      | Learned a level 4 spell: Throw Icicle
  3009 | D:3      | Found an opulent altar of Gozag.
  3694 | D:3      | Found a runed door.
  3699 | D:3      | Noticed Crazy Yiuf
  3708 | D:3      | Killed Crazy Yiuf
  3876 | D:4      | Noticed a centaur
  4065 | D:4      | Reached * piety under Cheibriados
  4065 | D:4      | Reached skill level 5 in Ice Magic
  4065 | D:4      | Reached XP level 6. HP: 26/36 MP: 5/11
  4325 | D:4      | Got a bone whip
  4326 | D:4      | Identified the +9 whip of a bazaar {venom, *Slow Dex+7} (You found it on level 4 of the Dungeon)
  4352 | D:4      | Learned a level 4 spell: Summon Ice Beast
  4356 | D:4      | Noticed Dowan
  4367 | D:4      | Killed Dowan
  4399 | D:4      | Noticed Blork the orc
  4408 | D:4      | Killed Blork the orc
  4408 | D:4      | Reached skill level 1 in Summonings
  4413 | D:4      | Reached XP level 7. HP: 25/41 MP: 9/12
  4590 | D:4      | Noticed Duvessa
  4596 | D:4      | Killed Duvessa
  4601 | D:4      | Reached skill level 5 in Dodging
  5009 | D:4      | Noticed Robin
  5032 | D:4      | Killed Robin
  5175 | D:4      | Reached ** piety under Cheibriados
  5433 | D:4      | Reached XP level 8. HP: 27/46 MP: 13/13
  5764 | D:5      | Entered Level 5 of the Dungeon
  5836 | D:5      | Found a hazy altar of Hepliaklqana.
  5848 | D:5      | Noticed Edmund
  5862 | D:5      | Killed Edmund
  6115 | D:5      | Reached skill level 1 in Fighting
  6146 | D:5      | Found an iron altar of Okawaru.
  6263 | D:5      | Identified the Catalogue of Malediction
  6527 | D:5      | Found a runed door.
  6929 | D:5      | Reached *** piety under Cheibriados
  7151 | D:5      | Reached XP level 9. HP: 23/55 MP: 10/14
  7385 | D:5      | Found a roughly hewn altar of Beogh.
  7485 | D:6      | Found a radiant altar of Vehumet.
  7704 | D:6      | Reached **** piety under Cheibriados
  7704 | D:6      | Reached skill level 1 in Maces & Flails
  8364 | D:7      | Noticed Joseph
  8718 | D:7      | Found a staircase to the Ecumenical Temple.
  8746 | D:7      | Found a basalt altar of Yredelemnul.
  8863 | D:7      | Reached skill level 10 in Dodging
  8909 | D:7      | Reached ***** piety under Cheibriados
  9231 | D:7      | Reached skill level 1 in Invocations
  9416 | D:7      | Reached XP level 10. HP: 63/63 MP: 11/15
  9455 | D:7      | Killed Joseph
  9527 | D:8      | Gained mutation: You are weak. (Str -2) [mutagenic meat]
  9528 | D:8      | Gained mutation: Your flesh is heat resistant. (rF+) [mutagenic meat]
  9529 | D:8      | Gained mutation: You are somewhat resistant to further mutation. [mutagenic meat]
  9631 | D:8      | Found a glowing silver altar of Zin.
  9676 | D:8      | Found Cacvimos's Distillery.
  9684 | D:8      | Bought a potion of heal wounds for 60 gold pieces
  9686 | D:8      | Found a white marble altar of Elyvilon.
  9944 | D:8      | Reached skill level 5 in Fighting
 10061 | D:8      | Identified the Disquisition on the Toxic Mountains
 10124 | D:8      | Reached skill level 1 in Unarmed Combat
 10307 | D:8      | Found a stormy altar of Qazlal.
 10360 | D:8      | Reached skill level 5 in Invocations
 10554 | D:9      | Reached skill level 2 in Unarmed Combat
 10572 | D:9      | Found a staircase to the Orcish Mines.
 10646 | D:9      | Found a hide-covered altar of Uskayaw.
 10829 | D:9      | Reached skill level 3 in Unarmed Combat
 10975 | D:9      | Reached ****** piety under Cheibriados
 11197 | D:9      | Found a basalt altar of Yredelemnul.
 11402 | D:9      | Reached skill level 4 in Unarmed Combat
 11516 | D:10     | Entered Level 10 of the Dungeon
 11526 | D:10     | Noticed a hill giant
 11542 | D:10     | Killed a hill giant
 11551 | D:10     | Reached XP level 11. HP: 54/71 MP: 16/16
 11553 | D:10     | Reached skill level 5 in Unarmed Combat
 11630 | D:10     | Learned a level 2 spell: Blink
 11634 | D:10     | Learned a level 3 spell: Lesser Beckoning
 11697 | D:10     | Noticed a hill giant
 11705 | D:10     | Killed a hill giant
 11705 | D:10     | Reached skill level 1 in Translocations
 11729 | D:10     | Found Ofruak's Antique Weapon Shoppe.
 11777 | D:10     | Noticed a hill giant
 11785 | D:10     | Killed a hill giant
 11909 | D:11     | Noticed a five-headed hydra
 11916 | D:11     | Killed a five-headed hydra
 12096 | D:11     | Reached skill level 6 in Unarmed Combat
 12267 | D:11     | Found a staircase to the Lair.
 12598 | D:11     | Noticed a cyclops
 12615 | D:11     | Killed a cyclops
 12615 | D:11     | Reached skill level 7 in Unarmed Combat
 13236 | D:11     | Paralysed by a hornet for 3 turns
 13447 | Lair:1   | Entered Level 1 of the Lair of Beasts
 13499 | Lair:1   | Reached skill level 8 in Unarmed Combat
 13653 | Lair:1   | Reached XP level 12. HP: 22/77 MP: 5/18
 14181 | Lair:1   | Reached skill level 9 in Unarmed Combat
 14553 | Lair:2   | Noticed Fannar
 14560 | Lair:2   | Killed Fannar
 14687 | Lair:2   | Noticed Urug
 14699 | Lair:2   | Killed Urug
 14699 | Lair:2   | Reached skill level 10 in Unarmed Combat
 15321 | Lair:2   | Reached skill level 11 in Unarmed Combat
 15462 | Lair:2   | Found a staircase to the Snake Pit.
 15557 | Lair:2   | Noticed a six-headed hydra
 15563 | Lair:2   | Killed a six-headed hydra
 16005 | Lair:3   | Noticed a death yak
 16006 | Lair:3   | Noticed a death yak
 16007 | Lair:3   | Noticed a death yak
 16007 | Lair:3   | Noticed a death yak
 16008 | Lair:3   | Noticed a death yak
 16009 | Lair:3   | Noticed a death yak
 16048 | Lair:3   | Noticed a six-headed hydra
 16057 | Lair:3   | Killed a six-headed hydra
 16622 | Lair:3   | Killed a death yak
 16622 | Lair:3   | Reached skill level 12 in Unarmed Combat
 16622 | Lair:3   | Reached XP level 13. HP: 46/83 MP: 17/19
 17994 | Lair:4   | Found a staircase to the Shoals.
 18508 | Lair:4   | Reached skill level 13 in Unarmed Combat
 18641 | Lair:4   | Identified a scroll of acquirement
 19233 | Lair:5   | Noticed Snorg
 19287 | Lair:5   | Found a labyrinth entrance.
 19296 | Lab      | Entered a labyrinth
 19318 | Lab      | HP: 2/88 [gargoyle/flail of protection (20)]
 19320 | Lab      | Mangled by a gargoyle

Skill      XL: |  1  2  3  4  5  6  7  8  9 10 11 12 13 |
---------------+----------------------------------------+-----
Spellcasting   | 3 |  3.5
Ice Magic      | 4 5 |  5.1
Dodging        | 4 6 8 10 11 | 11.9
Summonings     | 1 3 4 |  4.0
Fighting       | 2 3 5 6 7 |  7.9
Maces & Flails | 4 |  4.0
Invocations    | 2 7 8 |  8.2
Unarmed Combat | 4 8 12 13 | 13.5
Translocations | 2 |  2.8
Stealth        | |  2.6
Conjurations   | |  1.8

Action                   |  1- 3 |  4- 6 |  7- 9 | 10-12 | 13-15 || total
-------------------------+-------+-------+-------+-------+-------++-------
Melee: Dagger            |     3 |    59 |       |       |       ||    62
       Constrict         |     1 |    16 |    68 |    89 |    14 ||   188
       Tentacles         |       |     9 |    93 |   286 |    83 ||   471
       Whip              |       |    12 |   273 |   567 |   153 ||  1005
       Punch             |       |       |       |    67 |    48 ||   115
       Unarmed           |       |       |       |       |    29 ||    29
Throw: Tomahawk          |       |       |     1 |     4 |       ||     5
 Cast: Freeze            |    36 |    77 |       |       |       ||   113
       Ozocubu's Armour  |       |     3 |    42 |    90 |    24 ||   159
       Summon Ice Beast  |       |       |       |    15 |     4 ||    19
       Lesser Beckoning  |       |       |       |     2 |       ||     2
       Throw Icicle      |       |       |       |       |     8 ||     8
       Blink             |       |       |       |       |     1 ||     1
Invok: Temporal Distorti |       |       |       |     1 |       ||     1
       Slouch            |       |       |       |     1 |       ||     1
  Use: Scroll            |       |     3 |     8 |    20 |     8 ||    39
       Potion            |       |     1 |     4 |     7 |     2 ||    14
 Stab: Sleeping          |       |     6 |    10 |     9 |     3 ||    28
       Distracted        |       |       |     2 |     2 |     1 ||     5
  Eat: Chunk             |     2 |     9 |    10 |    28 |    15 ||    64
Armor: Skin              |     3 |     5 |    23 |    51 |    10 ||    92
Dodge: Dodged            |    17 |    60 |   193 |   498 |   215 ||   983
